 Dungeon Crawl Stone Soup version 0.20.1-1-g8b1a95d (webtiles) character file.

105 slep the Slasher (level 4, 0/34 HPs)
             Began as a Demonspawn Gladiator on Nov 6, 2017.
             Slain by a worm (6 damage)
             ... on level 2 of the Dungeon.
             The game lasted 00:07:45 (997 turns).

slep the Slasher (Demonspawn Gladiator)              Turns: 997, Time: 00:07:45

Health: 0/34       AC:  4    Str: 14    XL:     4   Next: 54%
Magic:  4/4        EV: 13    Int:  9    God:
Gold:   92         SH:  0    Dex: 16    Spells: 3/3 levels left

rFire    . . .     SeeInvis .   a - +0 long sword
rCold    . . .     Gourm    .   (no shield)
rNeg     . . .     Faith    .   b - +0 leather armour
rPois    .         Spirit   .   o - +0 helmet
rElec    .         Reflect  .   (no cloak)
rCorr    .         Harm     .   (no gloves)
MR       .....                  (no boots)
Stlth    +.........             (no amulet)
Regen    0.2/turn               (no ring)
MPRegen  0.1/turn               (no ring)

@: no status effects
A: claws 1, powered by pain 1, spiny 1
a: no special abilities


You were on level 2 of the Dungeon.
You were not hungry.

You visited 1 branch of the dungeon, and saw 2 of its levels.

You collected 92 gold pieces.

Inventory:

Hand Weapons
 a - a +0 long sword (weapon)
Missiles
 d - 3 throwing nets (quivered)
 h - 21 arrows
 j - 4 javelins
Armour
 b - a +0 leather armour (worn)
 c - a +0 helmet
 o - a +0 helmet (worn)
Wands
 q - a wand of acid (12/15)
Scrolls
 e - 2 scrolls of identify {unknown}
 g - 2 scrolls of magic mapping {unknown}
Potions
 i - a potion of haste {unknown}
 l - 2 potions of curing
 m - a potion of flight {unknown}
Comestibles
 f - 2 bread rations
 k - 3 fruits
 n - a meat ration
 p - 2 chunks of flesh


   Skills:
 + Level 2.3 Fighting
 + Level 4.1 Long Blades
 + Level 1.8 Throwing
 + Level 1.0 Armour
 + Level 3.2 Dodging
 + Level 0.2 Stealth


You had 3 spell levels left.
You didn't know any spells.

Dungeon Overview and Level Annotations

Branches:
Dungeon (2/15)

Altars:


Innate Abilities, Weirdness & Mutations

You have sharp fingernails.
You sometimes gain a little power by taking damage.
You are partially covered in sharp spines.


Message History

A quokka comes into view.
You are feeling hungry.
You see here a rat corpse.
You butcher the rat corpse.
p - 3 chunks of flesh (gained 1)
The quokka bites you.
* * * LOW HITPOINT WARNING * * *
You hit the quokka.
The quokka is lightly wounded.
The quokka is struck by your spines. The quokka misses you.
You hit the quokka.
You kill the quokka!
Eating one of 3 chunks of flesh.
You eat one of the 3 chunks of flesh.
This raw flesh tastes terrible.
A worm comes into view.
The helpless worm fails to defend itself.
You slash the worm!
The worm is heavily wounded.
The worm bites you.
You die...

.....#.# ####.#.#
.....#.# .......#
.....###
.....#############
.................#
.###.###########.#
. #.. #@# #.# #w#
#.# #.# ### #.#
#.# #.# ... #.#


You could see a worm.

Vanquished Creatures
  Natasha (twice) (D:2)
  Robin (D:2)
  A dart slug (D:1)
  3 leopard geckos
  7 goblins
  12 hobgoblins
  A quokka (D:2)
  A ball python (D:1)
  A bat (D:1)
  2 frilled lizards
  3 kobolds
  6 rats
40 creatures vanquished.

Notes
Turn   | Place    | Note
-------+----------+-------------------------------------------
     0 | D:1      | slep the Demonspawn Gladiator began the quest for the Orb.
     0 | D:1      | Reached XP level 1. HP: 16/16 MP: 1/1
   147 | D:1      | Reached skill level 3 in Long Blades
   218 | D:1      | Gained mutation: You have sharp fingernails. [demonic ancestry]
   218 | D:1      | Reached XP level 2. HP: 22/22 MP: 2/2
   583 | D:2      | Noticed Robin
   619 | D:2      | Gained mutation: You sometimes gain a little power by taking damage. [demonic ancestry]
   619 | D:2      | Reached XP level 3. HP: 17/27 MP: 3/3
   684 | D:2      | Noticed Natasha
   694 | D:2      | Killed Natasha
   775 | D:2      | Noticed Natasha
   786 | D:2      | Killed Natasha
   786 | D:2      | Gained mutation: You are partially covered in sharp spines. [demonic ancestry]
   786 | D:2      | Reached XP level 4. HP: 3/34 MP: 4/4
   917 | D:2      | Reached skill level 4 in Long Blades
   928 | D:2      | Killed Robin
   928 | D:2      | Reached skill level 1 in Armour
   997 | D:2      | Slain by a worm

Skill      XL: |  1  2  3  4 |
---------------+-------------+-----
Long Blades    | 3 4 |  4.1
Dodging        | 3 |  3.2
Armour         | 1 |  1.0
Fighting       | |  2.3
Throwing       | |  1.8
Stealth        | |  0.2

Action                   |  1- 3 |  4- 6 || total
-------------------------+-------+-------++-------
Melee: Long sword        |    74 |    22 ||    96
 Stab: Sleeping          |       |     1 ||     1
  Eat: Chunk             |       |     1 ||     1
Armor: Leather armour    |    15 |     8 ||    23
Dodge: Dodged            |    53 |    23 ||    76
       Rpst.: Long sword |    19 |     9 ||    28
